 Dungeon Crawl Stone Soup version 0.24.1 (webtiles) character file.

Game seed: 13363474414897474388, levelgen mode: deterministic

985 H0rd4k the Cutter (level 8, -3/57 HPs)
             Began as a Human Artificer on Mar 25, 2020.
             Was an Initiate of Gozag.
             Slain by Duvessa
             ... wielding a +2 vampiric rapier
              (11 damage)
             ... on level 6 of the Dungeon.
             The game lasted 00:11:50 (6620 turns).

H0rd4k the Cutter (Human Artificer)                 Turns: 6620, Time: 00:11:50

Health: -3/57      AC:  7    Str: 20    XL:     8   Next: 41%
Magic:  11/11      EV: 12    Int: 13    God:    Gozag
Gold:   243        SH:  0    Dex: 13    Spells: 7/7 levels left

rFire    . . .     SeeInvis .   y - +1 dagger "Lefoh" {pierce, +Rage rC+ rN+}
rCold    + . .     Gourm    .   (no shield)
rNeg     + . .     Faith    .   p - +1 ring mail {MR+}
rPois    .         Spirit   .   (no helmet)
rElec    .         Reflect  .   (no cloak)
rCorr    .         Harm     .   (no gloves)
MR       ++...                  (no boots)
Stlth    +.........             (no amulet)
HPRegen  0.19/turn              i - ring of protection from magic
MPRegen  0.12/turn              q - +6 ring of strength

@: gold aura, flying
A: no striking features
a: Potion Petition, Call Merchant, Bribe Branch, Renounce Religion, Evoke
Berserk Rage


You were on level 6 of the Dungeon.
You worshipped Gozag.
Gozag was aware of your devotion.
You were very hungry.

You visited 2 branches of the dungeon, and saw 7 of its levels.

You collected 294 gold pieces.
You paid 51 gold pieces to Gozag.

Inventory:

Hand Weapons
 a - a +0 short sword
 y - the +1 dagger "Lefoh" (weapon) {pierce, +Rage rC+ rN+}
   (You found it on level 4 of the Dungeon)

   It inflicts extra damage upon your enemies.
   It protects you from cold.
   It protects you from negative energy.
   It lets you go berserk.
Missiles
 u - 48 poisoned darts (quivered)
Armour
 b - a +0 leather armour
 p - a +1 ring mail of magic resistance (worn)
 w - quicksilver dragon scales
Jewellery
 i - a ring of protection from magic (left hand)
 k - a +5 ring of intelligence
 q - a +6 ring of strength (right hand)
Wands
 c - a wand of flame (5)
 e - a wand of random effects (2)
Scrolls
 h - 8 scrolls of identify
 l - a scroll of enchant weapon {unknown}
 n - 2 scrolls of remove curse {unknown}
 r - a scroll of random uselessness {unknown}
 s - 2 scrolls of blinking {unknown}
 t - a scroll of enchant armour {unknown}
 v - a scroll of fog {unknown}
 x - a scroll of fear {unknown}
 A - a scroll of teleportation {unknown}
Potions
 d - a potion of cancellation
 g - a potion of flight
 j - a potion of brilliance {unknown}
 m - 2 potions of curing {unknown}
 o - a potion of berserk rage {unknown}
 z - a potion of might {unknown}
 B - a potion of mutation {unknown}
Comestibles
 f - 8 rations


   Skills:
 + Level 2.8 Fighting
 + Level 5.1 Short Blades
 + Level 4.9 Armour
 + Level 3.8 Dodging
 + Level 2.1 Stealth
 + Level 4.0 Evocations


You had 7 spell levels left.
You didn't know any spells.
Your spell library was empty.

Dungeon Overview and Level Annotations

Branches:
Dungeon (6/15)             Temple (1/1) D:5

Altars:
Cheibriados
Dithmenos
Fedhas
Gozag
Makhleb
Qazlal
Uskayaw
Vehumet
Xom
Zin
The Shining One

Annotations:
D:3 exclusions: 2 downstairs and orc
D:4 Pikel
D:5 exclusion: upstairs
D:6 Duvessa


Message History

Aim: Duvessa, wielding a +2 vampiric rapier and wearing a +0 chain mail (heavily wounded, berserk, fast, unusually strong)
The puff of frost hits Duvessa!
Duvessa is heavily wounded.
Duvessa hits you with a +2 vampiric rapier.
* * * LOW HITPOINT WARNING * * *
Duvessa completely misses you.
Okay, then.
Unknown command.
As you read the scroll labeled QEQYKU QOHO, it crumbles to dust.
It is a scroll of identify.
d - a potion of cancellation Duvessa hits you with a +2 vampiric rapier!
* * * LOW HITPOINT WARNING * * *
Okay, then.
It was a potion of flight.
You feel very buoyant.
You fly up into the air.
Duvessa hits you with a +2 vampiric rapier!
You die...
Your body crumbles into a pile of gold.

.....# #...# #...#
#..... .....## ##..#
##.## .... ......#
#..## ## .... ......##
##..# .... .......#
#..## .... .......##
##..# .... ........#
##.## ###. ........#
#..# ## ........##
##@# .........# #e##
.........# ##.#
.........# #.##
.........## #..##
..........# ##$.#
.........## ######..##
###### .......###
#...ยง##..#######.....
.....<##
#....................


You could see Duvessa (berserk).

Vanquished Creatures
  2 phantoms
  A centaur (D:6)
  Dowan (D:6)
  A howler monkey (D:5)
  A crimson imp (D:5)
  4 orc priests
  2 hounds (D:5)
  A bullfrog skeleton (D:6)
  3 orc wizards
  A worker ant (D:4)
  A hound skeleton (D:5)
  A howler monkey skeleton (D:5)
  6 adders
  2 gnolls
  2 shadow imps
  2 oozes (D:1)
  A worm (D:2)
  2 leopard geckos
  18 orcs
  A ball python (D:4)
  3 giant cockroaches
  8 goblins
  6 hobgoblins
  8 jackals
  5 quokkas
  10 bats
  4 frilled lizards
  A giant cockroach zombie (D:5)
  A jackal zombie (D:5)
  12 kobolds
  A leopard gecko skeleton (D:2)
  10 rats
122 creatures vanquished.

Vanquished Creatures (collateral kills)
  2 orc wizards (D:4)
  An adder (D:3)
  3 orcs
6 creatures vanquished.

Vanquished Creatures (others)
  A centaur skeleton (D:4)
  2 hounds (D:4)
  3 gnolls (D:3)
  3 orcs (D:4)
9 creatures vanquished.

Grand Total: 137 creatures vanquished

Notes
Turn   | Place    | Note
-------+----------+-------------------------------------------
     0 | D:1      | H0rd4k the Human Artificer began the quest for the Orb.
     0 | D:1      | Reached XP level 1. HP: 15/15 MP: 3/3
   106 | D:1      | Reached XP level 2. HP: 18/21 MP: 4/4
   198 | D:1      | HP: 1/21 [ooze (4)]
   561 | D:1      | Reached XP level 3. HP: 22/26 MP: 5/5
   570 | D:1      | Reached skill level 1 in Armour
  1643 | D:1      | Reached XP level 4. HP: 25/32 MP: 6/6
  1669 | D:2      | Reached skill level 2 in Short Blades
  2575 | D:3      | Reached XP level 5. HP: 37/37 MP: 7/7
  2697 | D:3      | Found a stormy altar of Qazlal.
  2699 | D:3      | Noticed a water elemental
  2700 | D:3      | Noticed a fire elemental
  2700 | D:3      | Noticed an air elemental
  2929 | D:3      | Found a burning altar of Makhleb.
  2935 | D:3      | Found a shimmering altar of Xom.
  2938 | D:3      | Found a blossoming altar of Fedhas.
  2990 | D:3      | Found a snail-covered altar of Cheibriados.
  3094 | D:3      | Reached skill level 3 in Short Blades
  3574 | D:4      | Noticed a slave
  3579 | D:4      | Noticed a slave
  3581 | D:4      | Noticed a slave
  3584 | D:4      | Reached XP level 6. HP: 41/43 MP: 8/8
  3586 | D:4      | Noticed Pikel
  3587 | D:4      | Noticed a slave
  3666 | D:4      | Noticed an ogre
  3769 | D:4      | Noticed a phantom
  3914 | D:4      | You fall into a shaft and drop 1 floor!
  3914 | D:5      | Entered Level 5 of the Dungeon
  4287 | D:4      | Got an iridescent dagger
  4288 | D:4      | Identified the +1 dagger "Lefoh" {pierce, +Rage rC+ rN+}
                  | (You found it on level 4 of the Dungeon)
  4665 | D:3      | Reached XP level 7. HP: 13/50 MP: 9/9
  4955 | D:4      | Reached skill level 4 in Short Blades
  5904 | D:5      | Reached XP level 8. HP: 30/57 MP: 11/11
  6107 | D:5      | Found a staircase to the Ecumenical Temple.
  6116 | Temple   | Entered the Ecumenical Temple
  6122 | Temple   | Became a worshipper of Gozag Ym Sagoz the Greedy
  6475 | D:6      | Reached skill level 5 in Short Blades
  6601 | D:6      | Noticed Dowan
  6602 | D:6      | Noticed Duvessa
  6604 | D:6      | Found an opulent altar of Gozag.
  6614 | D:6      | Killed Dowan
  6620 | D:6      | Slain by Duvessa

Levels and vault maps discovered:
D:1:      kennysheep_arrival_seaside, layout_loops_ring, minmay_misc_feat_square
D:2:      layout_loops_ring
D:3:      layout_loops_ring, lemuel_coloured_pillars_altar,
          grunt_temple_overflow_diamond, first_ration,
          nicolae_qazlal_style_of_elements
D:4:      layout_rooms, bloody_trog, uniq_pikel
D:5:      layout_gridville, minmay_temple_entry_poolview
D:6:      layout_cave_pods, nicolae_gozag_cash_rules_everything_around_me,
          uniq_duvessa
Temple:   eino_temple_rhombus

Skill      XL: |  1  2  3  4  5  6  7  8 |
---------------+-------------------------+-----
Armour         | 1 2 3 4 |  4.9
Short Blades   | 2 3 4 5 |  5.1
Dodging        | 3 |  3.8
Fighting       | 2 |  2.8
Evocations     | 4 |  4.0
Stealth        | 2 |  2.1

Action                   |  1- 3 |  4- 6 |  7- 9 || total
-------------------------+-------+-------+-------++-------
Melee: Short sword       |   155 |   304 |       ||   459
       Dagger            |       |    35 |   346 ||   381
Evoke: Wand              |     3 |    25 |    10 ||    38
  Use: Scroll            |       |       |     1 ||     1
       Potion            |       |       |     1 ||     1
 Stab: Sleeping          |     2 |       |       ||     2
       Distracted        |     1 |     1 |       ||     2
       Paralysed         |       |     2 |       ||     2
  Eat: Chunk             |     2 |    10 |     6 ||    18
Armor: Leather armour    |    53 |     6 |       ||    59
       Ring mail         |       |   118 |    96 ||   214
Dodge: Dodged            |   103 |   211 |   145 ||   459
